 Dungeon Crawl Stone Soup version 0.29-a0-284-gf9362112df (webtiles) character file.

Game seed: 7276755850939596884

40706 juncz the Eclecticist (level 13, 0/100 HPs)
             Began as a Green Draconian Ice Elementalist on Mar 15, 2022.
             Was a High Priest of Vehumet.
             Slain by a catoblepas (14 damage)
             ... while petrified by a basilisk
             ... on level 6 of the Lair of Beasts on Mar 16, 2022.
             The game lasted 01:26:55 (22088 turns).

juncz the Eclecticist (DrIE)                       Turns: 22088, Time: 01:26:56

Health: 0/100      AC: 11    Str: 12    XL:     13   Next: 76%
Magic:  21/32      EV:  2    Int: 19    God:    Vehumet [*****.]
Gold:   822        SH:  0    Dex: 12    Spells: 13/43 levels left

rFire   + . .      SeeInvis .   E - +6 long sword of Ashenzari {vorpal, rElec rPois rN+}
rCold   x . .      Faith    .   k - +0 buckler
rNeg    + + +      Spirit   .   (body armour unavailable)
rPois   ∞          Reflect  .   (helmet restricted)
rElec   +          Harm     .   D - +0 cloak
rCorr   .          Rampage  .   K - +0 pair of gloves
Will    .....                   r - +0 pair of boots {Fly}
Stlth   ++........              B - amulet of regeneration
HPRegen 1.06/turn               L - ring of wizardry
MPRegen 0.23/turn               q - ring of fire

@: petrified, unable to drink, flying, slowed
A: breathe noxious fumes, AC +8, unfitting armour, poison resistance,
cold-blooded
a: Breathe Noxious Fumes, Renounce Religion


You were on level 6 of the Lair of Beasts.
You worshipped Vehumet.
Vehumet was extremely pleased with you.
You visited 3 branches of the dungeon, and saw 17 of its levels.
You also visited: Bailey and Volcano.

You collected 982 gold pieces.
You spent 160 gold pieces at shops.

Inventory:

Hand Weapons
 E - the +6 long sword of Ashenzari (weapon) {vorpal, rElec rPois rN+}
   (You found it on level 6 of the Dungeon)

   It inflicts extra damage upon your enemies.
   rElec:     It insulates you from electricity.
   rPois:     It protects you from poison.
   rN:        It protects you from negative energy.
Missiles
 o - a throwing net (quivered)
Armour
 k - a +0 buckler (worn)
 r - a +0 pair of boots of flying (worn)
 D - a +0 cloak (worn)
 K - a +0 pair of gloves (worn)
Jewellery
 q - a ring of fire (right hand)
 B - an amulet of regeneration (around neck)
 L - a ring of wizardry (left hand)
Wands
 f - a wand of paralysis (7)
 l - a wand of flame (12)
 u - a wand of iceblast (12)
 H - a wand of digging (2)
 J - a wand of acid (14)
Scrolls
 e - 3 scrolls of blinking
 g - 6 scrolls of fog
 j - a scroll of identify
 m - 4 scrolls of amnesia
 n - 5 scrolls of fear
 p - 6 scrolls of teleportation
 A - 3 scrolls of torment {unknown}
 F - 2 scrolls of enchant weapon {unknown}
Potions
 a - a potion of magic
 b - 5 potions of heal wounds
 c - 2 potions of cancellation
 d - a potion of ambrosia
 h - 3 potions of haste
 i - 4 potions of brilliance
 s - 5 potions of resistance
 t - 5 potions of curing
 w - 6 potions of might
 G - 2 potions of invisibility
Miscellaneous
 v - a phial of floods


   Skills:
 - Level 5.3 Fighting
 - Level 0.7 Maces & Flails
 - Level 1.7 Dodging
 - Level 1.7 Stealth
 + Level 2.3 Shields
 + Level 15.5 Spellcasting
 * Level 4.3 Conjurations
 + Level 14.6 Ice Magic
 * Level 5.4 Earth Magic
 - Level 5.0 Poison Magic


You had 13 spell levels left.
You knew the following spells:

 Your Spells              Type           Power      Damage    Failure   Level
a - Freeze                Ice            100%       1d11      0%          1
b - Frozen Ramparts       Ice            100%       1d12      1%          3
c - Ozocubu's Armour      Ice            63%        N/A       1%          3
d - Magic Dart            Conj           100%       1d8       1%          1
e - Iron Shot             Conj/Erth      16%        9d4       13%         6
f - Ozocubu's Refrigerat  Ice            31%        4d11      1%          7
g - Alistair's Intoxicat  Tmut/Pois      16%        N/A       22%         5
h - Iskenderun's Mystic   Conj/Tloc      23%        2d6       2%          4

Your spell library contained the following spells:

 Spells                   Type           Power      Damage    Failure   Level
 Freezing Cloud           Conj/Ice/Air   19%        6-21      1%          5
 Shock                    Conj/Air       92%        1d8       1%          1
 Poisonous Vapours        Pois/Air       48%        N/A       1%          2
 Dazzling Flash           Conj/Hex       46%        N/A       1%          3
 Hailstorm                Conj/Ice       50%        3d11      1%          4
 Ice Form                 Ice/Tmut       42%        N/A       1%          4
 Summon Ice Beast         Ice/Summ       42%        N/A       1%          4
 Animate Skeleton         Necr           28%        N/A       2%          1
 Apportation              Tloc           28%        N/A       2%          1
 Pain                     Necr           56%        1d6       2%          1
 Slow                     Hex            56%        N/A       2%          1
 Summon Small Mammal      Summ           56%        N/A       2%          1
 Corpse Rot               Necr/Air       28%        N/A       3%          2
 Metabolic Englaciation   Hex/Ice        21%        N/A       3%          5
 Call Canine Familiar     Summ           14%        N/A       7%          3
 Confusing Touch          Hex            14%        N/A       7%          3
 Portal Projectile        Hex/Tloc       28%        N/A       7%          3
 Summon Guardian Golem    Hex/Summ       14%        N/A       7%          3
 Swiftness                Air            14%        N/A       7%          3
 Vampiric Draining        Necr           14%        2d7       7%          3
 Airstrike                Air            7%         N/A       7%          4
 Leda's Liquefaction      Hex/Erth       12%        N/A       8%          4
 Petrify                  Tmut/Erth      25%        N/A       8%          4
 Dispel Undead            Necr           14%        3d10      22%         4
 Starburst                Conj/Fire      17%        6d6       32%         6
 Agony                    Necr           14%        N/A       50%         5
 Blade Hands              Tmut           7%         N/A       50%         5
 Silence                  Hex/Air        7%         N/A       50%         5
 Statue Form              Tmut/Erth      16%        N/A       69%         6
 Death Channel            Necr           7%         N/A       96%         6
 Animate Armour           Summ/Erth      Unusable   N/A       N/A         4

Dungeon Overview and Level Annotations

Branches:
Dungeon (10/15)            Temple (1/1) D:4            Lair (6/6) D:10
 Shoals (0/4) Lair:3        Snake (0/4) Lair:2          Orc (0/2) D:10
 Bailey (visited)         Volcano (visited)
  Slime: Lair:5-6

Altars:
Ashenzari
Cheibriados
Dithmenos
Elyvilon
Fedhas
Gozag
Hepliaklqana
Kikubaaqudgha
Makhleb
Nemelex Xobeh
Okawaru
Qazlal
Ru
Sif Muna
Trog
Uskayaw
Vehumet
Wu Jian
Xom
Yredelemnul
Zin
The Shining One
Beogh

Shops:
D:4 =   D:5 ?


Innate Abilities, Weirdness & Mutations

You can breathe blasts of noxious fumes.
Your lurid green scales are hard. (AC +8)
You cannot fit into any form of body armour.
Your system is resistant to poisons. (rPois)
You are cold-blooded and may be slowed by cold attacks.


Message History

The heat is drained from your surroundings.
You feel very cold.
The basilisk, the catoblepas and the komodo dragon are frozen.
The basilisk is severely wounded.
The basilisk seems to slow down.
The catoblepas is severely wounded.
The komodo dragon is heavily wounded.
The catoblepas gores you! The catoblepas gores you!!
You have turned to stone.
The catoblepas breathes a plume of calcifying dust at you.
The blast of calcifying dust hits you but does no damage.
You are engulfed in calcifying dust.
A dream sheep comes into view.
The catoblepas gores you.
You are engulfed in calcifying dust.
A blink frog comes into view.
The catoblepas breathes a plume of calcifying dust at you.
The blast of calcifying dust hits you.
You are engulfed in calcifying dust.
The basilisk is no longer moving slowly.
The komodo dragon bites you!! The catoblepas gores you!!
A dream sheep comes into view.
You are engulfed in calcifying dust.
The komodo dragon barely misses you. The catoblepas gores you!
You are engulfed in calcifying dust.
The catoblepas gores you. The komodo dragon bites you!
* * * LOW HITPOINT WARNING * * *
You are engulfed in calcifying dust.
A blink frog comes into view.
A torpor snail comes into view.
Being near the torpor snail leaves you feeling lethargic.
The catoblepas gores you!!
* * * LOW HITPOINT WARNING * * *
The komodo dragon bites you!
* * * LOW HITPOINT WARNING * * *
The basilisk bites you.
* * * LOW HITPOINT WARNING * * *
The catoblepas barely misses you.
The komodo dragon bites you but does no damage.
The basilisk gazes at you.
You easily resist.
The catoblepas gores you!!
You die...

.... ### ....#
##..#####..w.#
#........).F..
#....(........
#.....#Y...#.
#..<........
#...Y.......
#)#.@l..#....
........l.$.....
.....#.......(..
#..##.....#####
## #......
###..... ###..##
..#


You could see a catoblepas, a torpor snail, a komodo dragon, a basilisk, a blink
frog (wandering) and a dream sheep.

Vanquished Creatures
  Rupert (Lair:4)
  A fire dragon (Volcano)
  4 hydras
  A boulder beetle (Lair:4)
  A catoblepas (Lair:4)
  4 two-headed ogres
  Urug (Lair:3)
  Pikel (D:5)
  An oklob plant (Lair:3)
  An orc knight (Bailey)
  3 salamanders (Volcano)
  A cyclops (D:10)
  8 black mambas
  A torpor snail (Lair:3)
  9 cane toads
  An elephant (Lair:2)
  2 rime drakes
  8 komodo dragons
  A polar bear (Lair:5)
  A troll (D:10)
  12 blink frogs
  Grinder (D:4)
  2 spriggans (Lair:2)
  13 fire bats (Volcano)
  7 basilisks
  32 yaks
  10 wyverns
  7 steam dragons
  4 vampire mosquitoes (D:10)
  Grum (Lair:1)
  Menkaure (D:4)
  3 nagas (Lair:2)
  13 water moccasins
  An acid dragon (D:10)
  7 orc warriors
  2 sky beasts
  An ice beast (D:6)
  3 ogres
  4 black bears
  7 wolves
  3 lemures (D:5)
  9 kobold brigands
  18 bullfrogs
  9 scorpions
  A gnoll sergeant (D:8)
  2 necrophages
  5 wights
  3 killer bees (D:10)
  A howler monkey (D:8)
  3 hounds
  3 iron imps (D:8)
  A jelly (D:5)
  3 orc priests
  An iguana (D:6)
  Ijyb (D:3)
  7 orc wizards
  Robin (D:3)
  8 gnolls
  4 adders
  2 white imps (D:7)
  2 ufetubi
  4 worms
  2 dart slugs
  32 orcs
  6 ball pythons
  8 endoplasms
  3 giant cockroaches
  20 goblins
  14 hobgoblins
  12 jackals
  39 kobolds
  5 quokkas
  6 bats
  4 rats
  A spectral goblin (D:2)
  A bush (Lair:4)
426 creatures vanquished.

Vanquished Creatures (others)
  A steam dragon (Volcano)
  A water moccasin (Lair:6)
  57 fungi
  192 plants
251 creatures vanquished.

Grand Total: 677 creatures vanquished

Notes
Turn   | Place    | Note
-------+----------+-------------------------------------------
     0 | D:1      | juncz the Draconian Ice Elementalist began the quest for
                  | the Orb.
     0 | D:1      | Reached XP level 1. HP: 14/14 MP: 3/3
   469 | D:1      | Reached XP level 2. HP: 20/20 MP: 3/5
  1349 | D:1      | Reached skill level 3 in Spellcasting
  1349 | D:1      | Reached XP level 3. HP: 8/26 MP: 0/7
  1675 | D:1      | Learned a level 3 spell: Frozen Ramparts
  1679 | D:1      | Learned a level 3 spell: Ozocubu's Armour
  2656 | D:2      | Found a faded altar of an unknown god.
  3558 | D:3      | Reached XP level 4. HP: 33/33 MP: 7/9
  3614 | D:3      | Noticed Ijyb
  3622 | D:3      | Killed Ijyb
  3706 | D:3      | Noticed a scorpion
  3712 | D:3      | Killed a scorpion
  3713 | D:3      | Reached skill level 4 in Spellcasting
  3713 | D:3      | Reached XP level 5. HP: 35/38 MP: 4/11
  3884 | D:3      | Noticed a sky beast
  3895 | D:3      | Reached skill level 5 in Ice Magic
  3907 | D:3      | Killed a sky beast
  3908 | D:3      | Reached skill level 5 in Spellcasting
  3908 | D:3      | Reached XP level 6. HP: 43/45 MP: 7/13
  3910 | D:3      | Noticed Robin
  3923 | D:3      | Killed Robin
  4729 | D:4      | Found a staircase to the Ecumenical Temple.
  4743 | Temple   | Entered the Ecumenical Temple
  5011 | Temple   | Became a worshipper of Vehumet
  5245 | D:4      | Found Zin's Purification Station.
  5272 | D:4      | Found a glowing silver altar of Zin.
  5276 | D:4      | Bought a potion of curing for 90 gold pieces
  5314 | D:4      | Noticed Grinder
  5462 | D:4      | Paralysed by Grinder for 7 turns
  5471 | D:4      | Killed Grinder
  5472 | D:4      | Your scales start taking on a lurid green colour.
  5472 | D:4      | Reached XP level 7. HP: 33/50 MP: 7/15
  5472 | D:4      | Gained mutation: Your system is resistant to poisons.
                  | (rPois) [Green Draconian growth]
  5576 | D:4      | Noticed Menkaure
  5587 | D:4      | Killed Menkaure
  5588 | D:4      | Reached skill level 6 in Spellcasting
  5631 | D:4      | Found Foeggish's Jewellery Shoppe.
  6187 | D:5      | Entered Level 5 of the Dungeon
  6333 | D:5      | Reached skill level 7 in Spellcasting
  6375 | D:5      | Reached XP level 8. HP: 57/57 MP: 13/18
  6410 | D:5      | Reached * piety under Vehumet
  6410 | D:5      | Offered knowledge of Magic Dart by Vehumet.
  6428 | D:5      | Learned a level 1 spell: Magic Dart
  6461 | D:5      | Found Boomnur's Magic Scroll Emporium.
  6469 | D:5      | Bought a scroll of identify for 28 gold pieces
  6469 | D:5      | Bought a scroll of teleportation for 42 gold pieces
  6529 | D:5      | Noticed Pikel
  6546 | D:5      | Killed Pikel
  6547 | D:5      | Reached skill level 8 in Spellcasting
  7435 | D:6      | Reached XP level 9. HP: 49/69 MP: 13/21
  8238 | D:6      | Found a glowing golden altar of the Shining One.
  8246 | D:6      | Found a hazy altar of Hepliaklqana.
  8314 | D:6      | Identified the +6 long sword of Ashenzari {vorpal, rElec
                  | rPois rN+}
  8676 | D:7      | Reached skill level 9 in Spellcasting
  9001 | D:7      | Offered knowledge of Shock by Vehumet.
  9491 | D:8      | Reached ** piety under Vehumet
  9509 | D:8      | Found a burning altar of Makhleb.
  9561 | D:8      | Found a flagged portal.
  9564 | D:8      | Noticed a two-headed ogre
  9569 | D:8      | Killed a two-headed ogre
  9570 | D:8      | Reached skill level 10 in Spellcasting
  9570 | D:8      | Reached XP level 10. HP: 80/80 MP: 22/24
  9574 | Bailey   | Entered a bailey
  9731 | Bailey   | Noticed an orc knight
  9743 | Bailey   | Killed an orc knight
  9803 | Bailey   | Reached skill level 5 in Fighting
  9923 | Bailey   | Found an iron altar of Okawaru.
  9935 | Bailey   | Identified the +7 shortbow "Puunutack" {freeze, rElec rC-
                  | Will+ Dex+4}
 10049 | D:8      | Offered knowledge of Inner Flame by Vehumet.
 10105 | D:8      | Reached *** piety under Vehumet
 11188 | D:9      | Offered knowledge of Dazzling Flash by Vehumet.
 11197 | D:9      | Reached skill level 11 in Spellcasting
 11223 | D:9      | Found a shimmering altar of Xom.
 11613 | D:9      | Reached skill level 10 in Ice Magic
 11620 | D:9      | Identified the +1 scale mail of the Trout {rF+ MP-9 Int+3
                  | Dex+4}
 11785 | D:9      | Found an opulent altar of Gozag.
 11789 | D:9      | Found a shimmering blue altar of Sif Muna.
 11901 | D:10     | Entered Level 10 of the Dungeon
 11922 | D:10     | Learned a level 6 spell: Iron Shot
 11930 | D:10     | Learned a level 7 spell: Ozocubu's Refrigeration
 12088 | D:10     | Noticed a cyclops
 12096 | D:10     | Killed a cyclops
 12117 | D:10     | Found an ancient bone altar of Kikubaaqudgha.
 12214 | D:10     | Found a staircase to the Orcish Mines.
 12248 | D:10     | Reached **** piety under Vehumet
 12249 | D:10     | Reached skill level 5 in Poison Magic
 12249 | D:10     | Reached XP level 11. HP: 64/88 MP: 24/26
 12501 | D:10     | Offered knowledge of Yara's Violent Unravelling by Vehumet.
 12585 | D:10     | Found a staircase to the Lair.
 12661 | Lair:1   | Entered Level 1 of the Lair of Beasts
 12743 | Lair:1   | Noticed Grum
 12754 | Lair:1   | Killed Grum
 12788 | Lair:1   | Reached skill level 1 in Shields
 12804 | Lair:1   | Identified the +0 pair of boots of Vehumet's Reproof {Harm
                  | rF- Int+9 Slay-6}
 12930 | Lair:1   | Reached skill level 12 in Spellcasting
 13721 | Lair:2   | Noticed a seven-headed hydra
 13804 | Lair:2   | Found a staircase to the Snake Pit.
 13970 | Lair:1   | Reached skill level 13 in Spellcasting
 14236 | Lair:2   | Reached XP level 12. HP: 94/94 MP: 11/29
 14414 | Lair:2   | Killed a seven-headed hydra
 15007 | Lair:2   | Reached ***** piety under Vehumet
 15243 | Lair:2   | Identified the +8 scythe "Mimiruh" {chaos, rCorr Int-3
                  | Dex+9 Stlth-}
 15672 | Lair:3   | Found a dark tunnel.
 15689 | Volcano  | Entered a volcano
 15841 | Volcano  | Reached skill level 1 in Conjurations
 15956 | Volcano  | Reached skill level 1 in Earth Magic
 15957 | Volcano  | Offered knowledge of Sticky Flame by Vehumet.
 15957 | Volcano  | Noticed a two-headed ogre
 15962 | Volcano  | Killed a two-headed ogre
 16385 | Volcano  | Reached skill level 14 in Spellcasting
 16580 | Volcano  | Noticed a two-headed ogre
 16583 | Volcano  | Killed a two-headed ogre
 16788 | Volcano  | Noticed a two-headed ogre
 16791 | Volcano  | Killed a two-headed ogre
 17047 | Volcano  | Noticed a fire dragon
 17056 | Volcano  | Killed a fire dragon
 17802 | Lair:3   | Found a staircase to the Shoals.
 17831 | Lair:3   | Reached XP level 13. HP: 96/100 MP: 20/31
 18668 | Lair:3   | Noticed Urug
 18671 | Lair:3   | Killed Urug
 19301 | Lair:4   | Reached skill level 15 in Spellcasting
 19821 | Lair:4   | Noticed Rupert
 19832 | Lair:4   | Killed Rupert
 19977 | Lair:4   | Learned a level 5 spell: Alistair's Intoxication
 19982 | Lair:4   | Learned a level 4 spell: Iskenderun's Mystic Blast
 20067 | Lair:4   | Offered knowledge of Freezing Cloud by Vehumet.
 20191 | Lair:4   | Reached skill level 5 in Earth Magic
 22074 | Lair:6   | Entered Level 6 of the Lair of Beasts
 22088 | Lair:6   | Slain by a catoblepas

Illustrated notes

Levels and vault maps discovered:
D:1:      kennysheep_arrival_forest, layout_basic
D:2:      layout_loops_corners, dreamdust_ecumenical_altar_drowned_temple
D:3:      layout_basic, uniq_ijyb, uniq_robin
D:4:      layout_cave_pods, zin_purify, minmay_temple_entry_slanted,
          serial_shops, shop, minmay_pentangle, uniq_grinder, uniq_menkaure
D:5:      layout_cave_pools, serial_shops, nicolae_shop_advertising_works
          [nicolae_subvault_shop_adworks], solitary_fountain,
          kennysheep_pointless_box, minmay_misc_feat_roman, uniq_pikel
D:6:      layout_gridville, mainiacjoe_overflow_big_doors, minmay_misc_feat_chi,
          kennysheep_potato
D:7:      layout_gridville
D:8:      corexii_shantytown, layout_basic, demons_altar, enter_bailey_2,
          kennysheep_opposing_triangles
D:9:      layout_loops_ring, mainiacjoe_overflow_paths, minitemple,
          skrybe_limestone_x, hangedman_abyss_or_decor_stagger
D:10:     layout_gridville, mainiacjoe_overflow_surrounded_room,
          grunt_lair_entry_orc_guard_hut, minmay_orc_entry_temple_small
Temple:   minmay_temple_curvy_branch
Lair:1:   layout_regular_city, chequers_serial_rivers_small_3,
          hangedman_lair_generics_rect, serial_bayou_shore_b, uniq_grum
Lair:2:   wad_woods_tower, layout_chaotic_city, guppyfry_snake_entry_island,
          lemuel_fruit_tree
Lair:3:   layout_loops_ring, shoals_dummy_entry,
          nicolae_volcano_entry_lava_flow, minmay_lair_oklob_items,
          columned_hall_lemuel, uniq_urug
Lair:4:   layout_regular_city, grunt_megastairs_2, uniq_rupert
Lair:5:   layout_roguey, guppyfry_lair_drakes
Lair:6:   cheibrodos_lair_end_hotspot, layout_misc_corridors, slime_altar_1,
          serial_rivers, chequers_serial_rivers_small_b,
          chequers_serial_rivers_micro_e, chequers_serial_rivers_small_a,
          chequers_serial_rivers_small_b, basic_altar, grunt_forest_stairs_basic

Skill      XL: |  1  2  3  4  5  6  7  8  9 10 11 12 13 |
---------------+----------------------------------------+-----
Spellcasting   | 3 4 5 7 8 10 11 13 14 15 | 15.5
Ice Magic      | 5 6 7 8 10 12 13 14 | 14.6
Fighting       | 3 4 5 |  5.3
Poison Magic   | 3 4 5 |  5.0
Shields        | 2 |  2.3
Conjurations   | 3 4 |  4.3
Earth Magic    | 3 5 |  5.4
Maces & Flails | |  0.7
Dodging        | |  1.7
Stealth        | |  1.7

Action                   |  1- 3 |  4- 6 |  7- 9 | 10-12 | 13-15 || total
-------------------------+-------+-------+-------+-------+-------++-------
Melee: Whip              |    83 |    32 |       |       |       ||   115
       Unarmed           |     9 |       |       |       |       ||     9
       Tailslap          |    11 |     6 |    20 |    18 |     5 ||    60
       Punch             |     1 |       |     1 |       |       ||     2
       Mace              |       |    24 |    55 |       |       ||    79
       Long sword        |       |       |    48 |   143 |    16 ||   207
Throw: Stone             |       |     1 |       |     7 |       ||     8
 Cast: Freeze            |    34 |     8 |    15 |    12 |     7 ||    76
       Frozen Ramparts   |     3 |    12 |    35 |    65 |     3 ||   118
       Ozocubu's Armour  |       |     2 |     7 |     8 |     1 ||    18
       Magic Dart        |       |       |     9 |     3 |       ||    12
       Ozocubu's Refrige |       |       |       |    71 |    77 ||   148
       Iron Shot         |       |       |       |       |     2 ||     2
 Abil: Breathe Noxious F |       |       |     7 |     6 |     1 ||    14
  Use: Scroll            |     4 |     6 |     7 |     1 |     5 ||    23
       Potion            |       |     2 |       |     1 |       ||     3
 Stab: Sleeping          |     1 |     2 |       |     1 |       ||     4
       Confused          |       |       |       |     1 |     1 ||     2
Armor: Skin              |    43 |    24 |    58 |    68 |    15 ||   208
Dodge: Dodged            |    57 |    24 |   115 |   103 |    10 ||   309
Block: Buckler           |       |       |       |    25 |     2 ||    27

Table legend: (Time is in decaauts)
 A = Elapsed time spent in this place.
 B = Non-inter-level travel time spent in this place.
 C = Inter-level travel time spent in this place.
 D = Time resting spent in this place.
 E = Time spent auto-exploring this place.
 F = Levels seen in this place.
 G = Mean time per level.
                   A        B        C        D        E       F      G
               +--------+--------+--------+--------+--------+-----+--------+
         Total |  22239 |  21634 |    605 |   5265 |  13335 |  19 | 1170.5 |
       Dungeon |  12045 |  11706 |    339 |   1834 |   8068 |  10 | 1204.5 |
        Temple |    290 |    247 |     43 |      0 |    244 |   1 |  290.0 |
          Lair |   7377 |   7155 |    222 |   2111 |   4233 |   6 | 1229.5 |
        Bailey |    435 |    435 |      0 |    187 |     80 |   1 |  435.0 |
       Volcano |   2091 |   2091 |      0 |   1133 |    710 |   1 | 2091.0 |
               +--------+--------+--------+--------+--------+-----+--------+

Top non-repeatable levels by time:
     D:1: 2437 daAuts
 Volcano: 2091 daAuts
  Lair:4: 1754 daAuts
  Lair:2: 1726 daAuts
     D:6: 1676 daAuts
  Lair:5: 1374 daAuts
  Lair:1: 1292 daAuts
     D:3: 1266 daAuts
  Lair:3: 1214 daAuts
     D:4: 1195 daAuts
     D:8: 1128 daAuts
     D:2: 1031 daAuts
     D:9: 895 daAuts
     D:5: 820 daAuts
     D:7: 820 daAuts
